 Dungeon Crawl Stone Soup version 0.17.1-2-g5865329 (webtiles) character file.

42 ololoev the Chopper (level 3, 8/29 HPs)
             Began as a Demonspawn Berserker on Jan 20, 2016.
             Was a Follower of Trog.
             Quit the game on level 2 of the Dungeon.
             The game lasted 00:02:47 (316 turns).

ololoev the Chopper (Demonspawn Berserker)           Turns: 316, Time: 00:02:47

Health: 8/29       AC:  5    Str: 18    XL:     3   Next: 35%
Magic:  3/3        EV: 12    Int:  8    God:    Trog [*.....]
Gold:   41         SH:  0    Dex: 12    Spells: 0 memorised, 2 levels left

rFire  . . .     SeeInvis .     h - +3 short sword
rCold  . . .     Clarity  .     b - +0 animal skin
rNeg   + . .     SustAt   .     (no shield)
rPois  .         Gourm    .     (no helmet)
rElec  .         Spirit   .     (no cloak)
rCorr  .         Warding  .     (no gloves)
rMut   .         Stasis   .     (no boots)
MR     .....                    f - amulet of inaccuracy (curse)
Stlth  +.........               (no ring)
                                g - ring of positive energy

@: exhausted, not resistant to hostile enchantments, very unstealthy
A: slimy green scales 2
a: Berserk, Burn Spellbooks, Renounce Religion


Innate Abilities, Weirdness & Mutations

You are mostly covered in slimy green scales (AC +3).

Inventory:

Hand Weapons
 a - a +0 hand axe
 h - a +3 short sword (weapon)
Armour
 b - a +0 animal skin (worn)
Jewellery
 f - a cursed amulet of inaccuracy (around neck)
 g - a ring of positive energy (left hand)
Potions
 d - a potion of curing {unknown}
 e - a potion of mutation {unknown}
Comestibles
 c - 2 bread rations
 i - 2 chunks of flesh


   Skills:
 - Level 3.0 Fighting
 * Level 3.7 Axes
 + Level 2.3 Armour
 - Level 1.7 Dodging


You had 2 spell levels left.
You didn't know any spells.


You were on level 2 of the Dungeon.
You worshipped Trog.
Trog was aware of your devotion.
You were not hungry.

You visited 1 branch of the dungeon, and saw 2 of its levels.

You collected 41 gold pieces.

#.#÷##### #.#.# #.#.#
#.#.# #.#.# #w#.# #.#.#
#.#.# #@#.# #.#.# #@#.#
..#.#
########.#.##############
.......÷.#...............
########<################
###

Notes
Turn   | Place    | Note
--------------------------------------------------------------
     0 | D:1      | ololoev the Demonspawn Berserker began the quest for the Orb.
     0 | D:1      | Reached XP level 1. HP: 18/18 MP: 1/1
   113 | D:2      | Gained mutation: You are partially covered in slimy green scales (AC +2). [demonic ancestry]
   113 | D:2      | Reached XP level 2. HP: 9/24 MP: 2/2
   158 | D:2      | Gained mutation: You are mostly covered in slimy green scales (AC +3). [demonic ancestry]
   158 | D:2      | Reached XP level 3. HP: 6/29 MP: 3/3
   313 | D:2      | Noticed Sigmund
   316 | D:2      | Quit the game

Dungeon Overview and Level Annotations

Branches:
Dungeon (2/15)

Altars:

Annotations:
D:2 Sigmund


Message History

You butcher the adder corpse.
You enjoyed that.
You butcher the bat corpse.
You enjoyed that.
You feel sick.
i - a chunk of flesh;
i - 3 chunks of flesh (gained 2)
You see here a bat skeleton.
You are no longer berserk.
You are exhausted.
You feel yourself slow down.
You are feeling very hungry.
Eat one of 3 chunks of flesh? (ye/n/q/i?) This raw flesh tastes terrible.
You continue eating.
You feel sick.
You continue eating.
You feel sick.
You are no longer poisoned.
You now have 41 gold pieces (gained 7).
A worm comes into view.
A bat comes into view.
The bat closely misses you. The bat hits you.
The worm moves out of view.
You miss the bat. The bat barely misses you. The bat closely misses you.
The bat closely misses you.
You barely miss the bat. The bat hits you but does no damage.
You barely miss the bat. The bat barely misses you.
The bat hits you but does no damage.
You puncture the bat!
You kill the bat!
Trog accepts your kill.
You aren't carrying any items that can be evoked.
Unknown command.
You aren't carrying any spellbooks or scrolls.
Unknown command.
Sigmund the Dreaded comes into view.
He is wielding a scythe.
Sigmund shouts!
Sigmund casts a spell at you. The magic dart hits you!
Sigmund gestures at you while chanting. The magic dart hits you!
You feel yourself speed up.
Are you sure you want to abandon this character and quit the game? (Confirm with "yes".)

You could see Sigmund and a worm.

Vanquished Creatures
  3 adders (D:2)
  4 goblins
  A hobgoblin (D:1)
  2 jackals (D:2)
  2 bats (D:2)
  A giant newt (D:2)
  A kobold (D:2)
  3 rats
17 creatures vanquished.

Action                   || total
-------------------------++-------
Melee: Hand axe          ||    46
       Short sword       ||    11
Invok: Berserk           ||     3
  Eat: Chunk             ||     1

Vault maps used:
D:1:      lightli_arrival_boilingwater
D:2:      lemuel_crystal_altar, first_bread, uniq_sigmund
